 Dungeon Crawl Stone Soup version 0.30.0-29-ga12c61a403 (webtiles) character file.

Game seed: 10702919380359990045

32106 Ijustatesigmund the Contemplative (level 13, 0/83 HPs)
             Began as an Octopode Venom Mage on June 15, 2023.
             Was a Priest of Cheibriados.
             Slain by a catoblepas (16 damage)
             ... while petrified by a catoblepas
             ... on level 1 of the Lair of Beasts.
             The game lasted 00:48:16 (20673 turns).

Ijustatesigmund the Contemplative (OpVM)           Turns: 20673, Time: 00:48:17

Health: 0/83       AC:  7    Str: 28    XL:     13   Next: 62%
Magic:  27/27      EV:  2    Int: 39    God:    Cheibriados [***...]
Gold:   1121       SH:  0    Dex: 23    Spells: 23/33 levels left

rFire   + + .        A - +9 scythe (protect)
rCold   . . .        (shield currently unavailable)
rNeg    + + +        D - +2 hat
rPois   ∞            K - amulet of Nequuk {Reflect Str+2 SH+5}
rElec   .            h - ring of poison resistance
rCorr   .            w - ring of Lariudefit {rPois rF+ AC+4 Dex-4}
SInv    .            C - +6 ring of dexterity
Will    +....        f - +6 ring of strength
Stlth   ++++         G - +6 ring of intelligence
HPRegen 0.33/turn    S - +5 ring of evasion
MPRegen 0.20/turn    N - ring of Egyl {rF+ EV+5 Str+5}
                     T - ring "Jucebohe" {Will+ Int+3}

%: reflection
@: petrified, very slow
A: almost no armour, amphibious, 8 rings, camouflage 1, gelatinous body 1,
(nimble swimmer 1), tentacles
a: Renounce Religion, Bend Time, Temporal Distortion


You were on level 1 of the Lair of Beasts.
You worshipped Cheibriados.
Cheibriados was most pleased with you.
You visited 3 branches of the dungeon, and saw 18 of its levels.
You also visited: Trove and Bailey.

You collected 1121 gold pieces.

Inventory:

Hand Weapons
 d - a +5 great mace of protection
 n - a +1 trident of protection
 A - a +9 scythe of protection (weapon)
Armour
 q - a +0 buckler
 D - a +2 hat (worn)
Jewellery
 f - a +6 ring of strength (on tentacle)
 h - a ring of poison resistance (left tentacle)
 w - the ring of Lariudefit (right tentacle) {rPois rF+ AC+4 Dex-4}
   (You found it on level 5 of the Dungeon)

   [ring of protection]

   AC:        It affects your AC (+4).
   Dex:       It affects your dexterity (-4).
   rF:        It protects you from fire.
   rPois:     It protects you from poison.
 C - a +6 ring of dexterity (on tentacle)
 F - an amulet of the acrobat
 G - a +6 ring of intelligence (on tentacle)
 J - a ring of flight
 K - the amulet of Nequuk (around mantle) {Reflect Str+2 SH+5}
   (You found it in a treasure trove)

   [amulet of reflection]

   It reflects blocked missile attacks.
   Str:       It affects your strength (+2).
   SH:        It affects your SH (+5).
 L - a ring of fire
 M - a ring of ice
 N - the ring of Egyl (on tentacle) {rF+ EV+5 Str+5}
   (You found it in a treasure trove)

   [ring of evasion]

   EV:        It affects your evasion (+5).
   Str:       It affects your strength (+5).
   rF:        It protects you from fire.
 P - the ring "Ypachal" {Ice Str+3 Int-3 Dex+2}
   (You found it in a treasure trove)

   [ring of ice]

   It enhances your ice magic.
   Str:       It affects your strength (+3).
   Int:       It affects your intelligence (-3).
   Dex:       It affects your dexterity (+2).
   rF:        It makes you vulnerable to fire.
   rC:        It protects you from cold.
 Q - a ring of willpower
 R - an amulet of regeneration
 S - a +5 ring of evasion (on tentacle)
 T - the ring "Jucebohe" (on tentacle) {Will+ Int+3}
   (You found it in a treasure trove)

   [ring of willpower]

   Int:       It affects your intelligence (+3).
   Will:      It increases your willpower.
 U - the ring "Seunaim" {Wiz Fly rCorr Str-2}
   (You found it in a treasure trove)

   [ring of wizardry]

   It improves your spell success rate.
   Str:       It affects your strength (-2).
   Fly:       It grants you flight.
   rCorr:     It protects you from acid and corrosion.
 V - the ring "Nosm" {Fire Will+ Dex+3}
   (You found it in a treasure trove)

   [ring of fire]

   It enhances your fire magic.
   Dex:       It affects your dexterity (+3).
   rF:        It protects you from fire.
   rC:        It makes you vulnerable to cold.
   Will:      It increases your willpower.
 W - the ring "Rocoeg" {rElec rPois Will+ Dex-2 Stlth+}
   (You found it in a treasure trove)

   [ring of willpower]

   Dex:       It affects your dexterity (-2).
   rElec:     It insulates you from electricity.
   rPois:     It protects you from poison.
   Will:      It increases your willpower.
   Stlth:     It makes you more stealthy.
Wands
 j - a wand of paralysis (3)
 t - a wand of flame (26)
 u - a wand of polymorph (3)
 O - a wand of mindburst (11)
Scrolls
 e - 5 scrolls of amnesia
 k - 4 scrolls of teleportation
 p - 3 scrolls of fog
 x - a scroll of identify
 y - a scroll of butterflies
 E - 2 scrolls of poison
 H - a scroll of magic mapping
 I - a scroll of fear
 X - a scroll of enchant armour
Potions
 a - 6 potions of magic
 b - 4 potions of curing
 c - 6 potions of brilliance
 g - 2 potions of resistance
 i - 4 potions of heal wounds
 l - 7 potions of attraction
 m - 2 potions of invisibility
 o - 6 potions of might
 r - 2 potions of ambrosia
 s - 3 potions of lignification
 v - a potion of berserk rage
 z - 3 potions of mutation
 B - a potion of cancellation


   Skills:
 - Level 6.0 Fighting
 - Level 2.0(5.6) Axes
 - Level 5.2(5.4) Maces & Flails
 - Level 6.3(6.5) Polearms
 - Level 4.8 Dodging
 - Level 2.6 Stealth
 + Level 10.7 Spellcasting
 + Level 7.8 Conjurations
 - Level 1.0 Transmutations
 - Level 6.3 Air Magic
 - Level 8.6 Poison Magic
 + Level 11.4 Invocations
 - Level 4.5 Evocations


You had 23 spell levels left.
You knew the following spells:

 Your Spells              Type           Power      Damage    Failure   Level
a - Sting                 Tmut/Pois      100%       1d8       1%          1
b - Poisonous Vapours     Pois/Air       100%       N/A       1%          2
c - Mephitic Cloud        Conj/Pois/Air  69%        N/A       1%          3
d - Olgreb's Toxic Radia  Pois           73%        N/A       1%          4

Your spell library contained the following spells:

 Spells                   Type           Power      Damage    Failure   Level
 Magic Dart               Conj           100%       1d8       1%          1
 Momentum Strike          Conj/Tloc      100%       3d10      1%          2
 Searing Ray              Conj           100%       2d8       1%          2
 Static Discharge         Conj/Air       100%       2-7/arc   1%          2
 Airstrike                Air            31%        2d(5-21)  1%          4
 Iskenderun's Battlesphe  Conj           69%        2d12      1%          5
 Call Imp                 Summ           40%        N/A       2%          2
 Fulminant Prism          Conj/Hex       25%        3d14      3%          4
 Summon Lightning Spire   Summ/Air       45%        N/A       4%          4
 Confusing Touch          Hex            20%        N/A       5%          3
 Ozocubu's Armour         Ice            20%        N/A       5%          3
 Cause Fear               Hex            10%        N/A       17%         4
 Leda's Liquefaction      Hex/Erth       10%        N/A       17%         4
 Eringya's Noxious Bog    Tmut/Pois      27%        N/A       36%         6
 Lee's Rapid Deconstruct  Erth           10%        3d8*      43%         5
 Summon Forest            Summ/Tloc      10%        N/A       43%         5
 Statue Form              Tmut/Erth      16%        N/A       91%         6
 Summon Hydra             Summ           10%        N/A       100%        7
 Polar Vortex             Ice            10%        N/A       100%        9


Dungeon Overview and Level Annotations

Branches:
Dungeon (15/15)            Temple (1/1) D:7            Lair (2/5) D:11
    Orc (0/2) D:11         Vaults (0/5) D:14         Bailey (visited)
  Swamp: Lair:2-3    Shoals: Lair:2-3     Snake: Lair:2-3    Spider: Lair:2-3
 Depths: D:15

Altars:
Ashenzari
Cheibriados
Dithmenos
Elyvilon
Fedhas
Gozag
Hepliaklqana
Kikubaaqudgha
Makhleb
Nemelex Xobeh
Okawaru
Qazlal
Ru
Sif Muna
Trog
Uskayaw
Vehumet
Wu Jian
Xom
Yredelemnul
Zin
The Shining One

Shops:
D:4 [   D:11 [


Innate Abilities, Weirdness & Mutations

You cannot wear most types of armour.
You are amphibious.
You can wear up to eight rings at the same time.
Your skin changes colour to match your surroundings (Stealth+).
Your rubbery body absorbs attacks. (AC +1, EV +1)
((You are camouflaged when in or above water. (Stealth+)))
You have tentacles for arms and can constrict up to eight enemies at once.


Message History

You climb upwards.
There is a stone staircase leading down here.
You hit the catoblepas.
Your weapon exudes an aura of protection.
You squeeze the catoblepas.
The catoblepas is lightly wounded.
The catoblepas gores you but does no damage.
You barely miss the catoblepas. You squeeze the catoblepas!
The catoblepas is moderately wounded.
The catoblepas breathes a plume of calcifying dust at you.
The blast of calcifying dust hits you.
You slash the catoblepas!
You squeeze the catoblepas, but do no damage.
The catoblepas is moderately wounded.
You are engulfed in calcifying dust.
You are slowing down.
The catoblepas breathes a plume of calcifying dust at you.
The blast of calcifying dust hits you but does no damage.
The catoblepas gores you. The catoblepas gores you!!
The catoblepas gores you but does no damage.
You have turned to stone.
The catoblepas breathes a plume of calcifying dust at you.
The blast of calcifying dust hits you.
You are engulfed in calcifying dust.
The catoblepas gores you!!
You are engulfed in calcifying dust.
The catoblepas barely misses you.
You are engulfed in calcifying dust.
The catoblepas gores you but does no damage.
You are engulfed in calcifying dust.
The catoblepas breathes a plume of calcifying dust at you.
The blast of calcifying dust hits you!
You are engulfed in calcifying dust.
The catoblepas gores you!!
* * * LOW HITPOINT WARNING * * *
The catoblepas barely misses you. The catoblepas gores you.
* * * LOW HITPOINT WARNING * * *
The catoblepas gores you!
* * * LOW HITPOINT WARNING * * *
The catoblepas gores you!!
You die...

#########.........
#.................
#.................
##§................
#.......##.........
#..................
#..........#.##..##
#..................
##.@>..........#.###
#..Y........##.#.###
##..........##......
#..........##...###
##..........#.#.####
#...................
#...................
##..................
#..................


You could see a catoblepas.

Vanquished Creatures
  A vault guard (D:14)
  A hydra (D:14)
  Erolcha (D:12)
  3 boulder beetles
  7 centaur warriors
  A tengu warrior (D:14)
  Erica (Lair:2)
  4 two-headed ogres
  A death yak (shapeshifter) (D:14)
  Urug (D:12)
  Pikel (D:4)
  An orc knight (Bailey)
  2 ugly things
  A deep elf pyromancer (D:14)
  A cyclops (D:13)
  An orc sorcerer (D:8)
  A manticore (D:12)
  2 black mambas (Lair:1)
  A cane toad (Lair:2)
  A black mamba (shapeshifter) (D:14)
  A gargoyle (D:12)
  4 komodo dragons
  An unseen horror (D:10)
  6 kobold demonologists
  5 trolls
  3 meliai (D:13)
  Grinder (D:4)
  4 wraiths
  A shadow (D:11)
  Sigmund (D:6)
  2 wyverns
  19 yaks
  3 basilisks
  A steam dragon (D:6)
  3 vampire mosquitoes
  4 acid dragons
  2 water moccasins
  An orc warrior (D:9)
  A black bear (Lair:1)
  4 ice beasts
  3 ogres
  5 wolves (Lair:1)
  3 centaurs
  A phantom (D:5)
  4 lemures (D:3)
  9 kobold brigands
  3 scorpions
  4 bullfrogs
  9 wights
  13 killer bees
  4 howler monkeys
  An electric eel (D:8)
  5 orc priests
  2 hounds
  An iron imp (D:13)
  2 sleepcaps (D:6)
  2 gnoll boudas
  2 iguanas (D:5)
  8 orc wizards
  26 gnolls
  10 adders
  A shadow imp (D:7)
  A white imp (D:6)
  3 ufetubi
  3 worms
  A dart slug (D:1)
  34 orcs
  6 ball pythons
  An endoplasm (D:1)
  7 giant cockroaches
  35 goblins
  21 hobgoblins
  14 jackals
  35 kobolds
  7 quokkas
  8 bats
  3 frilled lizards
  3 rats
400 creatures vanquished.

Notes
Turn   | Place    | Note
-------+----------+-------------------------------------------
     0 | D:1      | Ijustatesigmund the Octopode Venom Mage began the quest for
                  | the Orb.
     0 | D:1      | Reached XP level 1. HP: 11/11 MP: 3/3
   189 | D:1      | Reached XP level 2. HP: 18/18 MP: 3/5
   194 | D:1      | Learned a level 2 spell: Poisonous Vapours
   326 | D:1      | Found a faded altar of an unknown god.
   330 | D:1      | Reached skill level 1 in Fighting
   514 | D:1      | Reached XP level 3. HP: 21/23 MP: 3/6
  1154 | D:2      | Learned a level 3 spell: Mephitic Cloud
  1182 | D:2      | Reached skill level 1 in Air Magic
  1378 | D:2      | Reached XP level 4. HP: 5/28 MP: 4/8
  2084 | D:3      | Reached skill level 1 in Conjurations
  2126 | D:3      | Found a shimmering altar of Xom.
  3042 | D:3      | Reached XP level 5. HP: 20/33 MP: 5/9
  3118 | D:3      | Found an iron altar of Okawaru.
  3128 | D:3      | Reached skill level 1 in Polearms
  3326 | D:4      | Noticed a lemure
  3328 | D:4      | Noticed a lemure
  3333 | D:4      | Noticed Pikel
  3341 | D:3      | Killed a lemure
  3363 | D:4      | Noticed a lemure
  3375 | D:3      | Killed a lemure
  3540 | D:4      | Noticed a lemure
  3549 | D:3      | Killed a lemure
  3724 | D:3      | Killed a lemure
  3775 | D:4      | Killed Pikel
  3776 | D:4      | Reached skill level 5 in Poison Magic
  3776 | D:4      | Reached XP level 6. HP: 5/38 MP: 6/11
  3776 | D:4      | Reached XP level 7. HP: 5/43 MP: 6/12
  4021 | D:4      | Learned a level 4 spell: Olgreb's Toxic Radiance
  4573 | D:4      | Noticed Grinder
  4574 | D:4      | Paralysed by Grinder for 2 turns
  4655 | D:4      | Killed Grinder
  4656 | D:4      | Reached XP level 8. HP: 41/48 MP: 14/14
  5128 | D:4      | Found Tuqun's Armour Boutique.
  5819 | D:4      | Found a glowing golden altar of the Shining One.
  5940 | D:5      | Entered Level 5 of the Dungeon
  6182 | D:5      | Reached skill level 5 in Spellcasting
  6398 | D:5      | Identified the ring of Lariudefit {rPois rF+ AC+4 Dex-4}
  6571 | D:5      | Reached skill level 5 in Air Magic
  6630 | D:5      | Reached XP level 9. HP: 53/53 MP: 11/16
  6877 | D:5      | Reached skill level 5 in Conjurations
  7305 | D:6      | Noticed Sigmund
  7312 | D:6      | Killed Sigmund
  7592 | D:6      | Found a shadowy altar of Dithmenos.
  7617 | D:6      | Found a stormy altar of Qazlal.
  7921 | D:6      | Identified the +8 sling of Prudence {drain, rF+ rC+ Str-2}
  8244 | D:7      | Found a staircase to the Ecumenical Temple.
  8337 | D:7      | Found a flagged portal.
  8346 | Bailey   | Entered a bailey
  8901 | Bailey   | Noticed an orc knight
  8913 | Bailey   | Killed an orc knight
  8914 | Bailey   | Reached XP level 10. HP: 61/63 MP: 5/19
  9666 | Temple   | Entered the Ecumenical Temple
  9848 | Temple   | Became a worshipper of Cheibriados the Contemplative
 10014 | D:8      | Noticed an orc sorcerer
 10025 | D:8      | Killed an orc sorcerer
 10026 | D:8      | Reached skill level 1 in Invocations
 10469 | D:8      | Reached skill level 2 in Invocations
 10488 | D:8      | Found a basalt altar of Yredelemnul.
 10882 | D:8      | Reached skill level 5 in Polearms
 10883 | D:8      | Reached skill level 5 in Fighting
 10883 | D:8      | Reached skill level 3 in Invocations
 10883 | D:8      | Reached * piety under Cheibriados
 11103 | D:9      | Identified the +10 shortbow of Koeddunt {antimagic, rC+
                  | rN+}
 11159 | D:9      | Noticed a kobold demonologist
 11166 | D:9      | Killed a kobold demonologist
 11167 | D:9      | Reached skill level 4 in Invocations
 11737 | D:9      | Reached XP level 11. HP: 46/72 MP: 11/20
 12221 | D:10     | Entered Level 10 of the Dungeon
 12221 | D:10     | Noticed a boulder beetle
 12233 | D:10     | Killed a boulder beetle
 12234 | D:10     | Reached skill level 5 in Invocations
 12477 | D:10     | Reached ** piety under Cheibriados
 13010 | D:10     | Found a portal to a secret trove of treasure.
 13014 | Trove    | Entered a treasure trove
 13020 | Trove    | Identified the amulet of Nequuk {Reflect Str+2 SH+5}
 13026 | Trove    | Identified the ring of Egyl {rF+ EV+5 Str+5}
 13030 | Trove    | Identified the ring "Ypachal" {Ice Str+3 Int-3 Dex+2}
 13039 | Trove    | Identified the ring "Jucebohe" {Will+ Int+3}
 13041 | Trove    | Identified the ring "Seunaim" {Wiz Fly rCorr Str-2}
 13043 | Trove    | Identified the ring "Nosm" {Fire Will+ Dex+3}
 13045 | Trove    | Identified the ring "Rocoeg" {rElec rPois Will+ Dex-2
                  | Stlth+}
 13543 | D:11     | Reached skill level 6 in Invocations
 13554 | D:11     | Found Louk Elo's Armour Boutique.
 13659 | D:11     | Noticed a two-headed ogre
 13973 | D:11     | Found a staircase to the Lair.
 14059 | D:11     | Killed a two-headed ogre
 14060 | D:11     | Reached skill level 7 in Invocations
 14060 | D:11     | Reached skill level 1 in Evocations
 14060 | D:11     | Noticed a two-headed ogre
 14066 | D:11     | Killed a two-headed ogre
 14067 | D:11     | Noticed a two-headed ogre
 14316 | D:11     | Found a staircase to the Orcish Mines.
 14608 | D:11     | Killed a two-headed ogre
 14807 | D:12     | Noticed Erolcha
 14815 | D:12     | Killed Erolcha
 14816 | D:12     | Reached XP level 12. HP: 79/79 MP: 7/24
 14819 | D:12     | Reached skill level 8 in Invocations
 14937 | D:12     | Found a sacrificial altar of Ru.
 15181 | D:12     | Noticed Urug
 15188 | D:12     | Killed Urug
 15453 | D:12     | Reached skill level 1 in Maces & Flails
 15644 | D:12     | Noticed a boulder beetle
 15651 | D:12     | Killed a boulder beetle
 15724 | D:12     | Reached skill level 9 in Invocations
 16224 | D:13     | Noticed a centaur warrior
 16231 | D:13     | Killed a centaur warrior
 16232 | D:13     | Noticed a centaur warrior
 16250 | D:13     | Killed a centaur warrior
 16407 | D:13     | Noticed a centaur warrior
 16413 | D:13     | Killed a centaur warrior
 16551 | D:13     | Got Sif Muna's Almanac of the Glacier and Beguiling
 16860 | D:13     | Reached skill level 10 in Invocations
 16962 | D:13     | Noticed a centaur warrior
 16966 | D:13     | Killed a centaur warrior
 16967 | D:13     | Reached XP level 13. HP: 83/83 MP: 26/26
 16983 | D:13     | Reached skill level 5 in Maces & Flails
 16987 | D:13     | Got Sif Muna's Parchment of Fateful Outbursts
 17091 | D:13     | Found a snail-covered altar of Cheibriados.
 17627 | D:14     | Found a bloodstained altar of Trog.
 17832 | D:14     | Reached skill level 10 in Spellcasting
 18071 | D:14     | You fall into a shaft and drop 1 floor!
 18071 | D:15     | Entered Level 15 of the Dungeon
 18415 | D:14     | Noticed a quicksilver ooze
 18957 | D:14     | Reached *** piety under Cheibriados
 19039 | D:14     | Found a gate to the Vaults.
 19039 | D:14     | Noticed a vault guard
 19047 | D:14     | Killed a vault guard
 19167 | D:14     | Reached skill level 11 in Invocations
 19634 | Lair:1   | Entered Level 1 of the Lair of Beasts
 20493 | Lair:2   | Noticed Erica
 20497 | Lair:2   | Killed Erica
 20532 | Lair:2   | Found a broken altar of Ashenzari.
 20673 | Lair:1   | Slain by a catoblepas

Illustrated notes

Levels and vault maps discovered:
D:1:      ldierk_walled_garden, layout_loops_ring, basic_ecumenical_altar
D:2:      layout_basic, minivault_14, minivault_26
D:3:      layout_rooms, okawaru_ov_weapons_minmay, xom_teletrap_fun
D:4:      minmay_goblin_kobold_castle, layout_gridville,
          overflow_temple_1_default, serial_shops,
          nicolae_shop_tiny_real_fake_doors, uniq_grinder, uniq_pikel
D:5:      layout_loops_ring, amcnicky_mini_corridor_feature,
          chequers_serial_rivers_micro_a, hangedman_decor_push
D:6:      layout_gridville, grunt_qazlal_clouds, old_standard_altar,
          uniq_sigmund
D:7:      layout_rooms, minmay_temple_entry_junction_2, enter_bailey_5
D:8:      cheibrodos_wizards_tower, layout_basic,
          mainiacjoe_overflow_cross_hatched, serial_park_tiny_pond
D:9:      layout_basic
D:10:     layout_irregular_city, trove_entry_hex_spiral
D:11:     layout_small_grid, erik_lair_dragon, orc_0_dummy, serial_shops,
          nicolae_shop_getting_attention, grunt_ministairs_2
D:12:     layout_stronghold, nicolae_ru_great_annihilating_truth, uniq_erolcha,
          uniq_urug
D:13:     layout_basic, chei_slow_surprise
D:14:     layout_irregular_city, david_vaults_5, bloody_trog, glass_columns_a
D:15:     hangedman_depths_entry_civil_slaughter, layout_basic,
          ebering_ghost_reflecting_pool, uniq_nessos
Temple:   eino_temple_rhombus
Lair:1:   layout_gridlike
Lair:2:   layout_roguey, spider_nest_entry_funnel_web,
          gammafunk_ghost_abyssal_escape, lightli_volcano_entry_magma_tube,
          basic_altar, uniq_erica

Skill      XL: |  1  2  3  4  5  6  7  8  9 10 11 12 13 |
---------------+----------------------------------------+-----
Fighting       | 1 3 6 |  6.0
Poison Magic   | 4 5 6 7 8 |  8.6
Air Magic      | 1 3 5 6 |  6.3
Conjurations   | 1 3 4 6 7 |  7.8
Spellcasting   | 3 4 5 6 8 9 10 | 10.7
Polearms       | 2 3 6 |  6.3
Invocations    | 4 7 10 11 | 11.4
Axes           | 2 |  2.0
Dodging        | 4 |  4.8
Evocations     | 3 4 |  4.5
Maces & Flails | 4 5 |  5.2
Stealth        | |  2.6
Transmutations | |  1.0

Action                     |  1- 3 |  4- 6 |  7- 9 | 10-12 | 13-15 || total
---------------------------+-------+-------+-------+-------+-------++-------
  Melee: Unarmed           |    17 |       |       |       |       ||    17
         Constrict         |    13 |    18 |    39 |    22 |    10 ||   102
         Tentacles         |    11 |    24 |    41 |    57 |    30 ||   163
         Dagger            |    40 |    13 |       |       |       ||    53
         Trident           |       |    81 |   159 |       |       ||   240
         Punch             |       |     2 |     5 |     4 |     1 ||    12
         Halberd           |       |       |    97 |   272 |    93 ||   462
         Great mace        |       |       |       |       |     3 ||     3
   Cast: Sting             |    12 |     1 |     1 |       |       ||    14
         Poisonous Vapours |    18 |    24 |    38 |    13 |       ||    93
         Mephitic Cloud    |     1 |     1 |     8 |     4 |       ||    14
         Olgreb's Toxic Ra |       |       |    27 |    42 |    12 ||    81
  Evoke: Wand              |       |       |    12 |       |       ||    12
    Use: Scroll            |     2 |     5 |     8 |    12 |     5 ||    32
         Potion            |       |       |     2 |     3 |     5 ||    10
   Stab: Sleeping          |     4 |       |    13 |    12 |     7 ||    36
         Distracted        |       |       |     2 |       |       ||     2
         Confused          |       |       |     2 |     3 |       ||     5
         Invisible         |       |       |       |     1 |       ||     1
         Paralysed         |       |       |       |     1 |       ||     1
 Armour: Skin              |     3 |    23 |    69 |    55 |    31 ||   181
  Dodge: Dodged            |    35 |    62 |   159 |   236 |   155 ||   647
  Block: Other             |       |       |       |    44 |    35 ||    79
         Reflection        |       |       |       |     3 |     2 ||     5
